 Dungeon Crawl Stone Soup version 0.22-a0-833-g8522bf8 (webtiles) character file.

28 Amnesiac the Digger (level 3, -41/24 HPs)
             Began as a Mummy Earth Elementalist on July 25, 2018.
             Killed from afar by a bat (43 damage)
             ... with an exploding inner flame
             ... hexed by the player character
             ... on level 2 of the Dungeon.
             The game lasted 00:03:25 (737 turns).

Amnesiac the Digger (Mummy Earth Elementalist)       Turns: 737, Time: 00:03:27

Health: -41/24     AC:  2    Str: 11    XL:     3   Next: 0%
Magic:  7/7        EV: 12    Int: 15    God:
Gold:   133        SH:  0    Dex: 12    Spells: 5/8 levels left

rFire    x . .     SeeInvis .   a - +1 dagger (speed)
rCold    + . .     Gourm    .   (no shield)
rNeg     + + +     Faith    .   c - +0 robe
rPois    ∞         Spirit   .   (no helmet)
rElec    .         Reflect  .   (no cloak)
rCorr    .         Harm     +   (no gloves)
MR       .....                  (no boots)
Stlth    ++........             d - amulet of harm
HPRegen  0.08/turn              (no ring)
MPRegen  0.10/turn              (no ring)

@: no status effects
A: no food or potions, fire vulnerability, cold resistance 1, negative energy
resistance 3, torment resistance, unbreathing
a: no special abilities


You were on level 2 of the Dungeon.
You were not hungry.

You visited 1 branch of the dungeon, and saw 4 of its levels.

You collected 133 gold pieces.

Inventory:

Hand Weapons
 a - a +1 dagger of speed (weapon)
 b - a +0 long sword
 e - a +0 dagger
Armour
 c - a +0 robe (worn)
Jewellery
 d - an amulet of harm (around neck)
Scrolls
 h - a scroll of remove curse {!r}


   Skills:
 - Level 1.5 Dodging
 - Level 1.5 Stealth
 + Level 3.2 Spellcasting
 - Level 0.7 Transmutations
 * Level 3.2 Earth Magic


You had 5 spell levels left.
You knew the following spells:

 Your Spells              Type           Power        Failure   Level  Hunger
a - Sandblast             Erth           ##....       5%          1    N/A
b - Passwall              Tmut/Erth      #.......     13%         2    N/A

Your spell library contained the following spells:

 Spells                   Type           Power        Failure   Level  Hunger
 Apportation              Tloc           #.....       21%         1    N/A
 Summon Small Mammal      Summ           #...         21%         1    N/A
 Animate Skeleton         Necr           N/A          21%         1    N/A
 Stone Arrow              Conj/Erth      #.....       30%         3    N/A
 Confusing Touch          Hex            #.....       21%         1    N/A
 Lee's Rapid Deconstruct  Erth           ##........   82%         5    N/A
 Petrify                  Tmut/Erth      #.......     65%         4    N/A

Dungeon Overview and Level Annotations

Branches:
Dungeon (4/15)
 Temple: D:4-7

Altars:

Annotations:
D:2 Terence


Innate Abilities, Weirdness & Mutations

You do not eat or drink.
Your flesh is vulnerable to fire.
You are immune to poison.
Your flesh is cold resistant. (rC+)
You are immune to negative energy. (rN+++)
You are immune to unholy pain and torment.
You can survive without breathing.


Message History

The jackal barely misses you. The bat hits you but does no damage.
The bat hits you.
* * * LOW HITPOINT WARNING * * *
The bat barely misses you. The bat hits you but does no damage.
The bat closely misses you.
You see here a robe.
The bat hits you.
* * * LOW HITPOINT WARNING * * *
Casting: Sandblast (safe; 6% risk of failure)
Confirm with . or Enter, or press ? or * to list all spells.
Aiming: Sandblast (safe; 6% risk of failure)
Press: ? - help, Shift-Dir - straight line, f - bat
Aim: a bat You don't have any stones to cast with.
Unknown command.
Okay, then.
Really read
h - 2 scrolls labeled TUFOSABBOALL {!r}?
As you read the scroll labeled TUFOSABBOALL {!r}, it crumbles to dust.
You feel blessed for a moment.
It was a scroll of remove curse {!r}.
The bat barely misses you.
Really read
g - a scroll labeled PYITTI HOXT {!r}?
As you read the scroll labeled PYITTI HOXT {!r}, it crumbles to dust.
The creatures around you are filled with an inner flame!
It was a scroll of immolation {!r}.
The bat barely misses you. The bat hits you.
* * * LOW HITPOINT WARNING * * *
Casting: Sandblast (safe; 6% risk of failure)
Confirm with . or Enter, or press ? or * to list all spells.
Aiming: Sandblast (safe; 6% risk of failure)
Press: ? - help, Shift-Dir - straight line, f/p - bat
Aim: a bat (inner flame)
You don't have any stones to cast with.
Casting: Sandblast (safe; 6% risk of failure)
Confirm with . or Enter, or press ? or * to list all spells.
You don't know that spell.
Okay, then.
You aren't carrying any items that you can evoke.
Really read
i - a scroll labeled SEYCZA OLOOJU {!r}?
As you read the scroll labeled SEYCZA OLOOJU {!r}, it crumbles to dust.
You feel aware of your surroundings.
It was a scroll of magic mapping {!r}.
The bat closely misses you. The bat barely misses you.
You barely miss the bat. The bat barely misses you. The bat closely misses you.
You hit the bat.
The bat is moderately wounded.
The bat hits you but does no damage. The bat completely misses you.
You closely miss the bat.
The bat is moderately wounded.
You hit the bat.
The bat explodes!
The fiery explosion engulfs the jackal.
The jackal explodes!
The fiery explosion engulfs the rat.
You kill the rat!
The fiery explosion engulfs the jackal.
The jackal explodes!
You have reached level 3!
Your experience leads to an increase in your attributes!
Increase (S)trength, (I)ntelligence, or (D)exterity?
You feel clever. The fiery explosion engulfs you! The fire burns you terribly!
Ouch! That really hurt!
You die...

*,.......* *,,,***#########,,
*,.......######..,,,,........,,.
*,.............$.,,,,,......,,..
*,........#****,,,,***#....#*...
*,........# *,,,,,###....##.#.
*,.......h### *,,,*,,......#....
*,.......h..# ********#......#..
**#########.###### #.<...#...
#....§§§§@.# ###.......
#.....§###.########.......
#.......,,..............##
#.[....##*.#######......##
#.......,,................
#......#**.#####.......###
#......# *..,*#..#........
#......# *##,*#..#.....###
*,,,,,,* *,#..##.....#


There were no monsters in sight!

Vanquished Creatures
  A worm (D:4)
  An orc (D:2)
  2 giant cockroaches
  4 goblins
  5 hobgoblins
  2 jackals (D:2)
  A quokka (D:2)
  A frilled lizard (D:2)
  2 kobolds
  3 rats
22 creatures vanquished.

Notes
Turn   | Place    | Note
-------+----------+-------------------------------------------
     0 | D:1      | Amnesiac the Mummy Earth Elementalist began the quest for the Orb.
     0 | D:1      | Reached XP level 1. HP: 13/13 MP: 4/4
   103 | D:2      | Reached XP level 2. HP: 11/19 MP: 3/5
   107 | D:2      | Learned a level 2 spell: Passwall
   370 | D:2      | Noticed Terence
   555 | D:4      | Noticed a phantom
   737 | D:2      | Reached XP level 3. HP: 2/24 MP: 7/7
   737 | D:2      | Killed from afar by a bat

Vault maps used:
D:1:      ldierk_water_garden
D:2:      minmay_cupped, uniq_terence
D:3:      first_ration, kennysheep_generic_room_5

Skill      XL: |  1  2 |
---------------+-------+-----
Spellcasting   | 3 |  3.2
Earth Magic    | 3 |  3.2
Dodging        | |  1.5
Stealth        | |  1.5
Transmutations | |  0.7

Action                   || total
-------------------------++-------
Melee: Dagger            ||    14
       Long sword        ||    11
 Cast: Sandblast         ||    30
  Use: Scroll            ||     3
Armor: Robe              ||     6
Dodge: Dodged            ||    39
       Rpst.: Long sword ||     8

Table legend:
 A = Spawn XP
 B = Non-spawn XP
 C = Spawn XP percentage of total XP
 D = Spawn monster count
 E = Non-spawn monster count
 F = Spawn count percentage of total count
 G = Total turns spent on level
                    A         B        C        D         E        F      G
               +---------+---------+-------+---------+---------+-------+---------
         Total |       0 |      41 |   0.0 |       0 |      22 |   0.0 |   737
               +---------+---------+-------+---------+---------+-------+---------
           D:1 |       0 |       3 |   0.0 |       0 |       2 |   0.0 |    40
           D:2 |       0 |      25 |   0.0 |       0 |      14 |   0.0 |   394
           D:3 |       0 |       8 |   0.0 |       0 |       5 |   0.0 |   274
           D:4 |       0 |       5 |   0.0 |       0 |       1 |   0.0 |    29
               +---------+---------+-------+---------+---------+-------+---------
